cohdb
Replays
Latest Replays
All Replays
Popular Replays
Top Player Replays
Match Explorer
How It Works
Community
CoH3 Stats
Reddit
Sign in to upload your games and track your stats! →
Sign in with Steam
Match 43044864
Unlisted
Match 43044864
Overview
Messages
Build Orders
End
Construct Section Command Post
Selects Heavy Armor Battlegroup
Vickers Machine Gun Team
Infantry Section
Infantry Section
Construct Field Infirmary
Royal Engineer Section
Selects Rigorous Vehicle Training
Construct Platoon Command Post
Selects Light Vehicle Withdraw and Refit
Unlock M3 Stuart Light Tanks
6-pounder Anti-tank Gun Team
M3 Stuart Light Tank
6-pounder Anti-tank Gun Team
Selects UNKNOWN (202330)
Infantry Section
Construct Company Command Post
Selects Forward Repair Assembly
Selects UNKNOWN (2162094)
Infantry Section
Selects Designate Targets
Astarot
Halito
Ludwigz
Lilfuture
0
0
Comments
sign in to comment!
No comments posted yet!